 Dungeon Crawl Stone Soup version 0.31-a0-978-g1e143483b6 (webtiles) character file.

Game seed: 14896818866424031208

280 Persephone the Chopper (level 6, -2/37 HPs)
             Began as a Gargoyle Fighter on Oct 30, 2023.
             Killed from afar by Natasha (6 damage)
             ... with a puff of flame
             ... on level 3 of the Dungeon.
             The game lasted 00:02:53 (2134 turns).

Persephone the Chopper (Gargoyle Fighter)           Turns: 2134, Time: 00:02:53

Health: -2/37      AC: 12    Str: 21    XL:     6   Next: 27%
Magic:  6/6        EV:  9    Int:  9    God:
Gold:   65         SH:  4    Dex:  9    Spells: 5/5 levels left

rFire   . . .        e - +1 hand axe (vamp)
rCold   . . .        c - +0 buckler
rNeg    + . .        b - +0 scale mail
rPois   ∞            (no helmet)
rElec   +            j - +0 cloak
rCorr   .            (no gloves)
SInv    .            (no boots)
Will    .....        (no amulet) Stlth
                     (no ring)
HPRegen 0.26/turn    (no ring)
MPRegen 0.10/turn

%: no passive effects
@: slowed, very slow
A: sickness immunity, AC +4, negative energy resistance 1, electricity
resistance, torment resistance 1, petrification resistance
a: no special abilities


You were on level 3 of the Dungeon.
You visited 1 branch of the dungeon, and saw 3 of its levels.

You collected 65 gold pieces.

Inventory:

Hand Weapons
 e - a +1 vampiric hand axe (weapon)
Armour
 b - a +0 scale mail (worn)
 c - a +0 buckler (worn)
 j - a +0 cloak (worn)
Jewellery
 m - an amulet of guardian spirit
Wands
 h - a wand of light (13)
 k - a wand of mindburst (10)
Scrolls
 a - a scroll of fear {unknown}
 l - a scroll of identify
 n - a scroll of brand weapon {unknown}
Potions
 d - 2 potions of might
 f - 3 potions of ambrosia
 g - 2 potions of degeneration {unknown}
 i - a potion of heal wounds {unknown}


   Skills:
 - Level 3.2 Fighting
 + Level 5.8 Axes
 - Level 3.2 Armour
 - Level 3.2 Shields


You had 5 spell levels left.
You didn't know any spells.
Your spell library contained the following spells:

 Spells                   Type           Power      Damage    Failure   Level
 Apportation              Tloc           0%         N/A       80%         1
 Necrotise                Necr           0%         1d4       80%         1
 Summon Small Mammal      Summ           0%         N/A       80%         1
 Frozen Ramparts          Ice            0%         1d1       99%         3
 Petrify                  Tmut/Erth      0%         N/A       100%        4
 Metabolic Englaciation   Hex/Ice        0%         N/A       100%        5


Dungeon Overview and Level Annotations

Branches:
Dungeon (3/15)

Altars:

Annotations:
D:3 1 runed translucent door, Crazy Yiuf, Natasha


Innate Abilities, Weirdness & Mutations

You are immune to sickness and miasma.
Your stone body is resilient. (AC +4)
You are immune to poison.
You resist negative energy. (rN+)
You are resistant to electric shocks. (rElec)
You are resistant to unholy torment.
You are immune to petrification.


Message History

You feel yourself slow down.
Natasha zaps a wand.
The puff of flame hits you but does no damage.
Natasha zaps a wand.
The puff of flame hits you but does no damage.
Natasha claws you but does no damage.
You hit Natasha.
Natasha is moderately wounded.
Natasha claws you but does no damage. You block Natasha's attack.
You barely miss Natasha.
Natasha is moderately wounded.
Natasha growls.
Natasha zaps a wand.
You block the puff of flame. Natasha claws you.
You hit Natasha.
Natasha is heavily wounded.
Natasha claws you!
You barely miss Natasha.
Natasha is heavily wounded.
Natasha zaps a wand.
The puff of flame misses you.
Natasha zaps a wand.
The puff of flame misses you.
You completely miss Natasha.
Natasha is heavily wounded.
Natasha claws you.
You hit Natasha but do no damage.
Natasha is heavily wounded.
Natasha claws you.
* * * LOW HITPOINT WARNING * * *
Natasha casts a spell.
You barely miss Natasha.
Natasha is heavily wounded.
Natasha claws you but does no damage.
The cerulean imp hits you but does no damage.
Natasha claws you!
* * * LOW HITPOINT WARNING * * *
You hit Natasha but do no damage.
Natasha is heavily wounded.
The cerulean imp closely misses you.
Natasha zaps a wand.
The puff of flame hits you.
You die...
Natasha begins licking her fur clean.

#####...?...#
#. #.......#
#. #.......#
.. ##......#
#....†.#
#......#
#......#
#......###
####...@.#
.....5h..#
#......?..#
#.........#
#####."...#
......'
.......##
#.......#


You could see Natasha and a cerulean imp (summoned).

Vanquished Creatures
  Jessica (D:3)
  Ijyb (D:3)
  Terence (D:2)
  Natasha (twice) (D:3)
  Robin (D:3)
  3 adders
  A shadow imp (D:3)
  A worm (D:2)
  2 dart slugs
  An orc (D:2)
  8 ball pythons
  9 endoplasms
  13 giant cockroaches
  13 goblins
  8 hobgoblins
  6 jackals (D:1)
  5 kobolds
  A quokka (D:1)
  10 bats
  3 frilled lizards
  5 rats
95 creatures vanquished.

Vanquished Creatures (others)
  A quokka (D:3)
1 creature vanquished.

Grand Total: 96 creatures vanquished

Notes
Turn   | Place    | Note
-------+----------+-------------------------------------------
     0 | D:1      | Persephone the Gargoyle Fighter began the quest for the
                  | Orb.
     0 | D:1      | Reached XP level 1. HP: 14/14 MP: 1/1
    43 | D:1      | Reached skill level 2 in Axes
    73 | D:1      | Reached XP level 2. HP: 19/19 MP: 2/2
   192 | D:1      | Reached skill level 3 in Axes
   197 | D:1      | Reached XP level 3. HP: 23/23 MP: 3/3
   959 | D:2      | Reached XP level 4. HP: 28/28 MP: 4/4
  1289 | D:2      | Reached skill level 4 in Axes
  1492 | D:2      | Noticed Terence
  1498 | D:2      | Killed Terence
  1711 | D:3      | Noticed Natasha
  1716 | D:3      | Killed Natasha
  1717 | D:3      | Reached XP level 5. HP: 24/32 MP: 5/5
  1780 | D:3      | Noticed Ijyb
  1806 | D:3      | Killed Ijyb
  1871 | D:3      | Reached skill level 5 in Axes
  1942 | D:3      | Noticed Robin
  1963 | D:3      | Killed Robin
  2003 | D:3      | Noticed Jessica
  2013 | D:3      | Killed Jessica
  2014 | D:3      | Reached XP level 6. HP: 37/37 MP: 6/6
  2046 | D:3      | Found a runed translucent door.
  2047 | D:3      | Noticed Crazy Yiuf
  2075 | D:3      | Noticed Natasha
  2084 | D:3      | Killed Natasha
  2122 | D:3      | Noticed Natasha
  2134 | D:3      | Killed from afar by Natasha

Illustrated notes

Levels and vault maps discovered:
D:1:      nzn_arrival_depleted_hourglass, layout_basic, serial_bayou,
          serial_bayou_lake_a, serial_bayou_crossing, serial_bayou_pond_a,
          serial_bayou_lagoon_a
D:2:      layout_basic, minmay_quadrilaterals, uniq_terence
D:3:      minmay_roachtagon, layout_basic, uniq_crazy_yiuf_cottage, uniq_robin,
          uniq_natasha, uniq_jessica, uniq_ijyb

Skill      XL: |  1  2  3  4  5 |
---------------+----------------+-----
Axes           | 2 3 4 5 |  5.8
Fighting       | |  3.2
Armour         | |  3.2
Shields        | |  3.2

Action                     |  1- 3 |  4- 6 || total
---------------------------+-------+-------++-------
  Melee: War axe           |    89 |    50 ||   139
         Hand axe          |       |   125 ||   125
  Throw: Dart              |    18 |     2 ||    20
    Use: Scroll            |       |     5 ||     5
 Armour: Scale mail        |    77 |   109 ||   186
  Dodge: Dodged            |    56 |    85 ||   141
  Block: Buckler           |    22 |    39 ||    61

Table legend: (Time is in decaauts)
 A = Elapsed time spent in this place.
 B = Non-inter-level travel time spent in this place.
 C = Inter-level travel time spent in this place.
 D = Time resting spent in this place.
 E = Time spent auto-exploring this place.
 F = Levels seen in this place.
 G = Mean time per level.
                   A        B        C        D        E       F      G
               +--------+--------+--------+--------+--------+-----+--------+
         Total |   2236 |   2109 |    127 |      0 |   1539 |   3 |  745.3 |
       Dungeon |   2236 |   2109 |    127 |      0 |   1539 |   3 |  745.3 |
               +--------+--------+--------+--------+--------+-----+--------+

Top non-repeatable levels by time:
     D:2: 981 daAuts
     D:1: 741 daAuts
     D:3: 513 daAuts
